Ice Dragons vs Thunder

Created - February 1, 2021 at 19:06

Goals
1 2 3 T
Ice Dragons 2 0 0 2
Thunder 1 0 3 4
Shots
1 2 3 T
Ice Dragons 15 14 11 40
Thunder 11 6 18 35

1st period

1. Ice Dragons , Emil Pettersson 8 (Phil Di Giuseppe 2) at 6:54
2. Thunder , William Karlsson 24 (Dany Roussin 46, Emil Johansson 4) at 7:52
3. Ice Dragons , Jordan LaVallee 26 (Jerome Gauthier-Leduc 7) at 17:12 (PP)

Penalties :
Alex Plante (Kin) for Slashing (Minor) at 8:40, Jamie McGinn (TRO) for Unsportsmanlike conduct (Minor) at 16:55, Robin Norell (Kin) for Hooking (Minor) at 18:02

2nd period

No Goal

Penalties :
No Penalty

3rd period

4. Thunder , William Karlsson 25 (Dany Roussin 47, Jesper Pettersson 5) at 3:13
5. Thunder , Dany Roussin 25 (William Karlsson 40) at 4:12 (PP)
6. Thunder , William Karlsson 26 (Dany Roussin 48) at 8:46 (PP)

Penalties :
Justin Shugg (Kin) for Interference (Minor) at 4:10, Robin Norell (Kin) for High sticking (Minor) at 5:28, Billy Sweat (Kin) for Holding Stick (Minor) at 8:35

Goalie Stats

Chet Pickard (Kin), 31 saves from 35 shots - (0.886), L, 16-12-2, 60:00 minutes
Niklas Treutle (TRO), 38 saves from 40 shots - (0.950), W, 12-15-6, 60:00 minutes

Players Stats for Ice Dragons

Player Name              G  A  P  +/- PIM S  H  SB GA TA FO     MP     PP MP  PK MP  
------------------------------------------------------------------------------------
Alex Plante              0  0  0  -1  2   0  0  0  0  0  0/0    17:23   0:00   1:24 
Billy Sweat              0  0  0  -1  2   1  3  2  2  0  1/1    16:05   0:00   1:53 
Brandon Kozun            0  0  0   0  0   4  1  1  0  2  0/1    18:23   0:17   0:00 
Chris Wagner             0  0  0   0  0   2  2  0  0  0  0/0    11:57   0:00   0:00 
Corban Knight            0  0  0   0  0   4  2  0  2  0  19/37  22:28   0:17   3:21 
Emil Pettersson          1  0  1   0  0   3  1  0  0  0  3/4    13:13   0:00   0:58 
Jerome Gauthier-Leduc    0  1  1   0  0   1  0  0  0  0  0/0    18:18   0:17   2:49 
Jordan LaVallee          1  0  1   0  0   9  1  0  0  0  0/0    22:10   0:17   3:29 
Juho Lammikko            0  0  0   0  0   1  1  0  0  0  0/0     8:33   0:00   0:00 
Justin Shugg             0  0  0  -1  2   0  2  0  0  0  2/2    14:09   0:00   0:00 
Kevin Connauton          0  0  0   0  0   2  1  0  1  1  0/0    27:14   0:17   4:00 
Logan MacMillan          0  0  0   0  0   2  0  1  2  0  0/0     8:49   0:00   0:00 
Phil Di Giuseppe         0  1  1   0  0   2  2  0  2  0  0/0    12:21   0:00   0:46 
Robin Norell             0  0  0   0  4   0  0  2  0  0  0/0    16:30   0:00   1:06 
Sam Carrick              0  0  0  -1  0   4  5  1  0  1  3/8    16:06   0:00   1:53 
Samuel Groulx            0  0  0   0  0   2  1  2  0  1  0/0    21:52   0:00   2:21 
Theodor Blueger          0  0  0   0  0   0  0  0  0  0  2/3     8:33   0:00   0:00 
Zach Trotman             0  0  0  -1  0   3  3  1  2  0  0/0    19:41   0:00   0:40 

Players Stats for Thunder

Player Name              G  A  P  +/- PIM S  H  SB GA TA FO     MP     PP MP  PK MP  
------------------------------------------------------------------------------------
Angelo Esposito          0  0  0   0  0   4  2  0  0  2  0/1    20:02   2:51   0:00 
Artturi Lehkonen         0  0  0  -1  0   3  2  0  0  0  1/1    14:56   0:00   0:00 
Artur Gavrus             0  0  0   0  0   0  0  0  0  0  0/0     0:00   0:00   0:00 
Austin Poganski          0  0  0   2  0   3  3  1  1  1  2/5    21:24   3:16   0:00 
Brayden Point            0  0  0   0  0   1  2  0  0  1  3/9    18:10   2:51   0:00 
Colby Cave               0  0  0   0  0   0  0  0  0  0  0/0     0:24   0:00   0:00 
Dany Roussin             1  3  4   2  0   5  1  0  1  2  0/0    21:50   3:17   0:17 
Emil Johansson           0  1  1   1  0   0  1  1  0  0  0/0    20:25   2:54   0:17 
Gianluca Curcuruto       0  0  0  -1  0   1  2  2  0  1  0/0    26:08   3:16   0:00 
Jakob Lilja              0  0  0   0  0   0  1  0  0  0  0/0     4:38   0:03   0:00 
Jamie McGinn             0  0  0   0  2   4  1  0  1  1  0/0    18:07   2:51   0:00 
Jarrod Maidens           0  0  0   0  0   0  0  0  0  0  0/0     0:00   0:00   0:00 
Jesper Pettersson        0  1  1   1  0   3  1  0  0  2  0/0    20:25   2:54   0:17 
Mackenze Stewart         0  0  0   1  0   0  0  0  0  0  0/0    13:27   0:00   0:00 
Mikko Vainonen           0  0  0  -1  0   1  1  3  1  0  0/0    26:08   3:16   0:00 
Nikolay Prokhorkin       0  0  0   0  0   0  0  1  0  0  0/0     4:11   0:00   0:00 
Ryan Graves              0  0  0   1  0   2  1  0  0  1  0/0    13:47   0:02   0:00 
Trevor Lewis             0  0  0  -1  0   2  0  0  1  0  4/9    14:56   0:00   0:00 
Vincent Dunn             0  0  0   0  0   0  0  0  0  0  0/0     2:11   0:02   0:00 
William Karlsson         3  1  4   2  0   5  4  0  0  0  16/30  23:37   3:17   0:17 
Zach Stepan              0  0  0  -1  0   1  0  0  0  0  0/1    14:56   0:00   0:00 

3 Stars

1 - William Karlsson (TRO)
2 - Dany Roussin (TRO)
3 - Niklas Treutle (TRO)

Power Play

Ice Dragons - 1 on 1 Attempt(s) - 100.00%
Thunder - 2 on 5 Attempt(s) - 40.00%

Penalty Kill

Ice Dragons - 3 on 5 Attempt(s) - 60.00% - Score 0 goal in Penalty Kill
Thunder - 0 on 1 Attempt(s) - 0.00% - Score 0 goal in Penalty Kill

Team Stat

Ice Dragons - Hits : 25 - Faceoff Wins : 30 - Blocked Shots : 10 - Penalty Minutes : 10
Thunder - Hits : 22 - Faceoff Wins : 26 - Blocked Shots : 8 - Penalty Minutes : 2

Official

Referees : Unknown
Linesman : Unknown

Game Notes

7:52 of 1st period - Thunder goal is going for a video replay. After video review, Goal.
William Karlsson has scored a Hat Trick!

Finance

Level 1 -- Attendance: 1254 (62.70%) -- Ticket Income $50,160
Level 2 -- Attendance: 699 (69.90%) -- Ticket Income $13,980
Total Attendance: 1953 (65.10%)
Total Ticket Income: $64,140
Other Income: $3,207
Total Income: $67,347

Ice Dragons

5 vs 5 Forward 
   Center                   Left Wing                Right Wing               Time % Phy DF OF 
 1 Corban Knight            Jordan LaVallee          Brandon Kozun            40     1   2  2  
 2 Sam Carrick              Billy Sweat              Justin Shugg             30     1   2  2  
 3 Emil Pettersson          Phil Di Giuseppe         Chris Wagner             20     1   2  2  
 4 Theodor Blueger          Logan MacMillan          Juho Lammikko            10     1   2  2  

5 vs 5 Defense 
   Defense                  Defense                                           Time % Phy DF OF 
 1 Kevin Connauton          Samuel Groulx                                     40     1   2  2  
 2 Zach Trotman             Alex Plante                                       30     1   2  2  
 3 Robin Norell             Jerome Gauthier-Leduc                             20     1   2  2  
 4 Kevin Connauton          Zach Trotman                                      10     1   2  2  

PowerPlay Forward 
   Center                   Left Wing                Right Wing               Time % Phy DF OF 
 1 Corban Knight            Jordan LaVallee          Brandon Kozun            60     1   2  2  
 2 Sam Carrick              Billy Sweat              Justin Shugg             40     1   2  2  

PowerPlay Defense
   Defense                  Defense                                           Time % Phy DF OF 
 1 Kevin Connauton          Jerome Gauthier-Leduc                             60     1   2  2  
 2 Samuel Groulx            Alex Plante                                       40     1   2  2  

Penalty Kill 4 Players Forward 
   Center                   Wing                     Time % Phy DF OF 
 1 Corban Knight            Jordan LaVallee          60     1   4  0  
 2 Billy Sweat              Sam Carrick              40     1   4  0  

Penalty Kill 4 Players Defense
   Defense                  Defense                  Time % Phy DF OF 
 1 Kevin Connauton          Robin Norell             60     1   4  0  
 2 Samuel Groulx            Alex Plante              40     1   4  0  

Penalty Kill - 3 Players Forward 
   Forward                                           Time % Phy DF OF 
 1 Corban Knight                                     60     1   4  0  
 2 Jordan LaVallee                                   40     1   4  0  

Penalty Kill - 3 Players Defense
   Defense                  Defense                  Time % Phy DF OF 
 1 Kevin Connauton          Robin Norell             60     1   4  0  
 2 Samuel Groulx            Alex Plante              40     1   4  0  

4 vs 4 Forward 
   Center                   Wing                     Time % Phy DF OF 
 1 Corban Knight            Jordan LaVallee          60     1   2  2  
 2 Billy Sweat              Sam Carrick              40     1   2  2  

4 vs 4 Defense
   Defense                  Defense                  Time % Phy DF OF 
 1 Kevin Connauton          Jerome Gauthier-Leduc    60     1   2  2  
 2 Samuel Groulx            Alex Plante              40     1   2  2  

Last Minutes Offensive
   Center                   Left Wing                Right Wing               Defense                  Defense                  
   Corban Knight            Jordan LaVallee          Brandon Kozun            Kevin Connauton          Jerome Gauthier-Leduc    

Last Minutes Defensive
   Center                   Left Wing                Right Wing               Defense                  Defense                  
   Corban Knight            Jordan LaVallee          Brandon Kozun            Kevin Connauton          Robin Norell             

Goaltenders
Starting : Chet Pickard             
Backup : Joacim Eriksson          

Extra Forwards
Normal : Chris Wagner, Logan MacMillan, Emil Pettersson - PP : Juho Lammikko, Logan MacMillan - PK : Emil Pettersson
Extra Defensemen
Normal : Zach Trotman, Jerome Gauthier-Leduc, Samuel Groulx - PP : Zach Trotman - PK : Jerome Gauthier-Leduc, Samuel Groulx
Penalty Shots
Corban Knight, Jordan LaVallee, Billy Sweat, Sam Carrick, Kevin Connauton

Scratches
Thomas Gobeil (Healthy), David Shields (Healthy), Alex Henriksson (Healthy), Cole Ully (Healthy), William Carrier (Broken Left Index Finger Injury)
Mario Lucia (Healthy), Alex Lintuniemi (Healthy), Luca Sbisa (Healthy), Oscar Dansk (Healthy)

Thunder

5 vs 5 Forward 
   Center                   Left Wing                Right Wing               Time % Phy DF OF 
 1 William Karlsson         Dany Roussin             Austin Poganski          40     1   2  2  
 2 Brayden Point            Jamie McGinn             Angelo Esposito          30     1   2  2  
 3 Trevor Lewis             Artturi Lehkonen         Zach Stepan              20     1   2  2  
 4 Angelo Esposito          Nikolay Prokhorkin       William Karlsson         10     1   2  2  

5 vs 5 Defense 
   Defense                  Defense                                           Time % Phy DF OF 
 1 Mikko Vainonen           Gianluca Curcuruto                                40     1   2  2  
 2 Emil Johansson           Jesper Pettersson                                 30     1   2  2  
 3 Ryan Graves              Mackenze Stewart                                  20     1   2  2  
 4 Mikko Vainonen           Gianluca Curcuruto                                10     1   2  2  

PowerPlay Forward 
   Center                   Left Wing                Right Wing               Time % Phy DF OF 
 1 William Karlsson         Dany Roussin             Austin Poganski          60     1   2  2  
 2 Brayden Point            Jamie McGinn             Angelo Esposito          40     1   2  2  

PowerPlay Defense
   Defense                  Defense                                           Time % Phy DF OF 
 1 Mikko Vainonen           Gianluca Curcuruto                                60     1   2  2  
 2 Emil Johansson           Jesper Pettersson                                 40     1   2  2  

Penalty Kill 4 Players Forward 
   Center                   Wing                     Time % Phy DF OF 
 1 William Karlsson         Dany Roussin             60     1   2  2  
 2 Brayden Point            Trevor Lewis             40     1   2  2  

Penalty Kill 4 Players Defense
   Defense                  Defense                  Time % Phy DF OF 
 1 Mikko Vainonen           Gianluca Curcuruto       60     1   2  2  
 2 Emil Johansson           Jesper Pettersson        40     1   2  2  

Penalty Kill - 3 Players Forward 
   Forward                                           Time % Phy DF OF 
 1 William Karlsson                                  60     1   2  2  
 2 Dany Roussin                                      40     1   2  2  

Penalty Kill - 3 Players Defense
   Defense                  Defense                  Time % Phy DF OF 
 1 Mikko Vainonen           Gianluca Curcuruto       60     1   2  2  
 2 Emil Johansson           Jesper Pettersson        40     1   2  2  

4 vs 4 Forward 
   Center                   Wing                     Time % Phy DF OF 
 1 William Karlsson         Dany Roussin             60     1   2  2  
 2 Brayden Point            Trevor Lewis             40     1   2  2  

4 vs 4 Defense
   Defense                  Defense                  Time % Phy DF OF 
 1 Mikko Vainonen           Gianluca Curcuruto       60     1   2  2  
 2 Emil Johansson           Jesper Pettersson        40     1   2  2  

Last Minutes Offensive
   Center                   Left Wing                Right Wing               Defense                  Defense                  
   William Karlsson         Dany Roussin             Austin Poganski          Mikko Vainonen           Gianluca Curcuruto       

Last Minutes Defensive
   Center                   Left Wing                Right Wing               Defense                  Defense                  
   William Karlsson         Dany Roussin             Austin Poganski          Mikko Vainonen           Gianluca Curcuruto       

Goaltenders
Starting : Niklas Treutle           
Backup : Sergei Kostenko          

Extra Forwards
Normal : Jakob Lilja, Vincent Dunn, Colby Cave - PP : Jakob Lilja, Vincent Dunn - PK : Colby Cave
Extra Defensemen
Normal : Ryan Graves, Mackenze Stewart, Emil Johansson - PP : Ryan Graves - PK : Mackenze Stewart, Emil Johansson
Penalty Shots
William Karlsson, Dany Roussin, Brayden Point, Trevor Lewis, Jamie McGinn

Scratches
Colton Sceviour (Bruised Left Shoulder Injury)

% Time on Ice - Ice Dragons

Lines # - Real PCT - Wanted PCT - Time Play
Normal Forward
1 - 36% - 40% - 19:12
2 - 27% - 30% - 14:13
3 - 22% - 20% - 11:35
4 - 16% - 10% - 8:33
Normal Defense
1 - 37% - 40% - 19:39
2 - 30% - 30% - 16:00
3 - 27% - 20% - 14:36
4 - 6% - 10% - 3:18
PP Forward
1 - 100% - 60% - 0:17
2 - 0% - 40% - 0:00
PP Defense
1 - 100% - 60% - 0:17
2 - 0% - 40% - 0:00
PK Forward
1 - 69% - 60% - 4:17
2 - 31% - 40% - 1:53
PK Defense
1 - 59% - 60% - 3:40
2 - 41% - 40% - 2:30
PK3 Forward
1 - 0% - 60%
2 - 0% - 40%
PK3 Defense
1 - 0% - 60%
2 - 0% - 40%
44 Forward
1 - 0% - 60%
2 - 0% - 40%
44 Defense
1 - 0% - 60%
2 - 0% - 40%
Last Minute Offensive  - 0:00
Last Minute Defensive  - 0:00
Total
Forward - 60:00
Defense - 60:00

% Time on Ice - Thunder

Lines # - Real PCT - Wanted PCT - Time Play
Normal Forward
1 - 35% - 40% - 18:40
2 - 29% - 30% - 15:46
3 - 28% - 20% - 14:56
4 - 8% - 10% - 4:11
Normal Defense
1 - 37% - 40% - 19:59
2 - 32% - 30% - 17:14
3 - 25% - 20% - 13:27
4 - 5% - 10% - 2:53
PP Forward
1 - 54% - 60% - 3:19
2 - 46% - 40% - 2:51
PP Defense
1 - 53% - 60% - 3:16
2 - 47% - 40% - 2:54
PK Forward
1 - 100% - 60% - 0:17
2 - 0% - 40% - 0:00
PK Defense
1 - 0% - 60% - 0:00
2 - 100% - 40% - 0:17
PK3 Forward
1 - 0% - 60%
2 - 0% - 40%
PK3 Defense
1 - 0% - 60%
2 - 0% - 40%
44 Forward
1 - 0% - 60%
2 - 0% - 40%
44 Defense
1 - 0% - 60%
2 - 0% - 40%
Last Minute Offensive  - 0:00
Last Minute Defensive  - 0:00
Total
Forward - 60:00
Defense - 60:00

Play-by-Play

1st period


0:01 of 1st period - William Karlsson wins face-off versus Corban Knight in neutral zone.
0:12 of 1st period - Wrist shot by Dany Roussin.
0:12 of 1st period - Shot Blocked by Samuel Groulx.
0:51 of 1st period - Kevin Connauton is hit by Artturi Lehkonen and loses puck.
1:14 of 1st period - Snap shot by Logan MacMillan.
1:14 of 1st period - Stopped by Niklas Treutle without a rebound.
1:15 of 1st period - Corban Knight wins face-off versus William Karlsson in Thunder zone.
2:28 of 1st period - Slapshot by Artturi Lehkonen.
2:28 of 1st period - Stopped by Chet Pickard without a rebound.
2:29 of 1st period - Theodor Blueger wins face-off versus William Karlsson in Ice Dragons zone.
2:29 of 1st period - Theodor Blueger is hit by William Karlsson.
2:39 of 1st period - Snap shot by Logan MacMillan.
2:39 of 1st period - Stopped by Niklas Treutle with a rebound.
3:23 of 1st period - Slapshot by Billy Sweat.
3:23 of 1st period - Shot Misses the Net.
3:25 of 1st period - Snap shot by Sam Carrick.
3:25 of 1st period - Shot Misses the Net.
4:29 of 1st period - Snap shot by Sam Carrick.
4:29 of 1st period - Stopped by Niklas Treutle without a rebound.
4:30 of 1st period - Justin Shugg wins face-off versus William Karlsson in Thunder zone.
4:31 of 1st period - Wrist shot by Sam Carrick.
4:31 of 1st period - Stopped by Niklas Treutle with a rebound.
4:33 of 1st period - Snap shot by Sam Carrick.
4:33 of 1st period - Stopped by Niklas Treutle with a rebound.
4:45 of 1st period - Wrist shot by Sam Carrick.
4:45 of 1st period - Shot Blocked by Mikko Vainonen.
5:13 of 1st period - Wrist shot by Trevor Lewis.
5:13 of 1st period - Shot Misses the Net.
5:23 of 1st period - Slapshot by Sam Carrick.
5:23 of 1st period - Stopped by Niklas Treutle without a rebound.
5:24 of 1st period - Brayden Point wins face-off versus Brandon Kozun in Thunder zone.
6:14 of 1st period - Wrist shot by Brayden Point.
6:14 of 1st period - Deflect By Angelo Esposito.
6:14 of 1st period - Shot Misses the Net.
6:14 of 1st period - Puck is out of play.
6:15 of 1st period - William Karlsson wins face-off versus Corban Knight in Ice Dragons zone.
6:16 of 1st period - Snap shot by Dany Roussin.
6:16 of 1st period - Stopped by Chet Pickard with a rebound.
6:48 of 1st period - Slapshot by Artturi Lehkonen.
6:48 of 1st period - Stopped by Chet Pickard without a rebound.
6:49 of 1st period - Emil Pettersson wins face-off versus Trevor Lewis in Ice Dragons zone.
6:54 of 1st period - Snap shot by Emil Pettersson.
6:54 of 1st period - Goal by Emil Pettersson - Ice Dragons : 1 - Thunder : 0.
6:55 of 1st period - Corban Knight wins face-off versus William Karlsson in neutral zone.
6:58 of 1st period - Austin Poganski is hit by Zach Trotman and loses puck.
7:50 of 1st period - Wrist shot by Dany Roussin.
7:50 of 1st period - Stopped by Chet Pickard with a rebound.
7:52 of 1st period - Slapshot by Dany Roussin.
7:52 of 1st period - Deflect By William Karlsson.
7:52 of 1st period - Thunder goal is going for a video replay.
7:52 of 1st period - The goal is good.
7:52 of 1st period - Goal by William Karlsson - Ice Dragons : 1 - Thunder : 1.
7:53 of 1st period - Corban Knight wins face-off versus Brayden Point in neutral zone.
8:40 of 1st period - Minor Penalty to Alex Plante for Slashing.
8:41 of 1st period - Corban Knight wins face-off versus Austin Poganski in Ice Dragons zone.
10:40 of 1st period - Penalty to Alex Plante is over, Alex Plante is back on ice.
10:50 of 1st period - Snap shot by Billy Sweat.
10:50 of 1st period - Stopped by Niklas Treutle without a rebound.
10:51 of 1st period - Emil Pettersson wins face-off versus Zach Stepan in Thunder zone.
10:52 of 1st period - Snap shot by Phil Di Giuseppe.
10:52 of 1st period - Deflect By Zach Stepan.
10:52 of 1st period - Stopped by Niklas Treutle without a rebound.
10:53 of 1st period - Trevor Lewis wins face-off versus Emil Pettersson in Thunder zone.
10:53 of 1st period - Trevor Lewis is hit by Emil Pettersson.
11:53 of 1st period - Snap shot by Jordan LaVallee.
11:53 of 1st period - Stopped by Niklas Treutle with a rebound.
11:55 of 1st period - Wrist shot by Jordan LaVallee.
11:55 of 1st period - Stopped by Niklas Treutle without a rebound.
11:56 of 1st period - Trevor Lewis wins face-off versus Sam Carrick in Thunder zone.
12:08 of 1st period - Trevor Lewis is hit by Billy Sweat and loses puck.
12:23 of 1st period - Samuel Groulx is hit by Dany Roussin and loses puck.
12:34 of 1st period - Snap shot by Dany Roussin.
12:34 of 1st period - Shot Misses the Net.
12:36 of 1st period - Slapshot by Ryan Graves.
12:36 of 1st period - Deflect By Kevin Connauton.
12:36 of 1st period - Stopped by Chet Pickard with a rebound.
12:48 of 1st period - Phil Di Giuseppe is hit by Brayden Point and loses puck.
12:57 of 1st period - Wrist shot by Phil Di Giuseppe.
12:57 of 1st period - Shot Misses the Net.
13:13 of 1st period - Slapshot by Zach Trotman.
13:13 of 1st period - Deflect By Zach Stepan.
13:13 of 1st period - Stopped by Niklas Treutle with a rebound.
13:48 of 1st period - Brayden Point is hit by Sam Carrick and loses puck.
14:19 of 1st period - Sam Carrick is hit by Artturi Lehkonen and loses puck.
14:35 of 1st period - Brayden Point is hit by Juho Lammikko and loses puck.
15:05 of 1st period - Off-side.
15:06 of 1st period - William Karlsson wins face-off versus Corban Knight in neutral zone.
15:31 of 1st period - Alex Plante is hit by Gianluca Curcuruto and loses puck.
15:42 of 1st period - Snap shot by Trevor Lewis.
15:42 of 1st period - Shot Misses the Net.
15:44 of 1st period - Slapshot by Emil Johansson.
15:44 of 1st period - Shot Misses the Net.
15:55 of 1st period - Icing by Sam Carrick.
15:56 of 1st period - Justin Shugg wins face-off versus Angelo Esposito in Ice Dragons zone.
15:56 of 1st period - Justin Shugg is hit by Brayden Point.
16:08 of 1st period - Wrist shot by Jamie McGinn.
16:08 of 1st period - Stopped by Chet Pickard with a rebound.
16:10 of 1st period - Snap shot by Mikko Vainonen.
16:10 of 1st period - Stopped by Chet Pickard without a rebound.
16:11 of 1st period - Corban Knight wins face-off versus Austin Poganski in Ice Dragons zone.
16:36 of 1st period - Brayden Point is hit by Phil Di Giuseppe and loses puck.
16:43 of 1st period - Snap shot by Kevin Connauton.
16:43 of 1st period - Shot Blocked by Mikko Vainonen.
16:45 of 1st period - Wrist shot by Emil Pettersson.
16:45 of 1st period - Stopped by Niklas Treutle with a rebound.
16:47 of 1st period - Slapshot by Phil Di Giuseppe.
16:47 of 1st period - Shot Blocked by Mikko Vainonen.
16:49 of 1st period - Snap shot by Samuel Groulx.
16:49 of 1st period - Shot Misses the Net.
16:55 of 1st period - Minor Penalty to Jamie McGinn for Unsportsmanlike conduct.
16:56 of 1st period - William Karlsson wins face-off versus Corban Knight in Thunder zone.
16:56 of 1st period - William Karlsson is hit by Kevin Connauton.
17:12 of 1st period - Slapshot by Jordan LaVallee.
17:12 of 1st period - Goal by Jordan LaVallee - Ice Dragons : 2 - Thunder : 1.
17:13 of 1st period - Austin Poganski wins face-off versus Corban Knight in neutral zone.
17:18 of 1st period - Snap shot by Dany Roussin.
17:18 of 1st period - Deflect By Austin Poganski.
17:18 of 1st period - Stopped by Chet Pickard with a rebound.
17:20 of 1st period - Slapshot by Mikko Vainonen.
17:20 of 1st period - Shot Blocked by Samuel Groulx.
17:22 of 1st period - Snap shot by Austin Poganski.
17:22 of 1st period - Deflect By William Karlsson.
17:22 of 1st period - Shot Misses the Net.
17:22 of 1st period - Puck is out of play.
17:23 of 1st period - Corban Knight wins face-off versus William Karlsson in Ice Dragons zone.
17:49 of 1st period - Wrist shot by William Karlsson.
17:49 of 1st period - Shot Misses the Net.
17:51 of 1st period - Wrist shot by Austin Poganski.
17:51 of 1st period - Stopped by Chet Pickard without a rebound.
17:52 of 1st period - Brayden Point wins face-off versus Sam Carrick in Ice Dragons zone.
17:55 of 1st period - Wrist shot by Brayden Point.
17:55 of 1st period - Shot Blocked by Billy Sweat.
17:59 of 1st period - Snap shot by Angelo Esposito.
17:59 of 1st period - Stopped by Chet Pickard without a rebound.
18:00 of 1st period - Sam Carrick wins face-off versus Brayden Point in Ice Dragons zone.
18:02 of 1st period - Minor Penalty to Robin Norell for Hooking.
18:03 of 1st period - William Karlsson wins face-off versus Corban Knight in Ice Dragons zone.
18:03 of 1st period - Wrist shot by Dany Roussin.
18:03 of 1st period - Shot Misses the Net.
18:05 of 1st period - Wrist shot by Austin Poganski.
18:05 of 1st period - Shot Misses the Net.
18:07 of 1st period - Snap shot by William Karlsson.
18:07 of 1st period - Shot Misses the Net.
18:29 of 1st period - Gianluca Curcuruto is hit by Corban Knight and loses puck.
18:56 of 1st period - Snap shot by Jordan LaVallee.
18:56 of 1st period - Stopped by Niklas Treutle with a rebound.
Goals for this period are 2 for Ice Dragons vs 1 for Thunder.
Shots for this period are 15 for Ice Dragons vs 11 for Thunder.

2nd period


0:01 of 2nd period - William Karlsson wins face-off versus Corban Knight in neutral zone.
0:02 of 2nd period - Penalty to Robin Norell is over, Robin Norell is back on ice.
0:25 of 2nd period - Angelo Esposito is hit by Sam Carrick and loses puck.
0:34 of 2nd period - Snap shot by Billy Sweat.
0:34 of 2nd period - Deflect By Sam Carrick.
0:34 of 2nd period - Shot Misses the Net.
0:34 of 2nd period - Puck is out of play.
0:35 of 2nd period - William Karlsson wins face-off versus Corban Knight in Thunder zone.
1:06 of 2nd period - Alex Plante is hit by Austin Poganski.
1:12 of 2nd period - Backhand shot by Phil Di Giuseppe.
1:12 of 2nd period - Shot Blocked by Emil Johansson.
1:22 of 2nd period - Jesper Pettersson is hit by Justin Shugg and loses puck.
2:03 of 2nd period - Snap shot by Corban Knight.
2:03 of 2nd period - Stopped by Niklas Treutle without a rebound.
2:04 of 2nd period - Corban Knight wins face-off versus Brayden Point in Thunder zone.
2:28 of 2nd period - Wrist shot by Corban Knight.
2:28 of 2nd period - Stopped by Niklas Treutle with a rebound.
2:30 of 2nd period - Slapshot by Jerome Gauthier-Leduc.
2:30 of 2nd period - Stopped by Niklas Treutle with a rebound.
2:32 of 2nd period - Wrist shot by Brandon Kozun.
2:32 of 2nd period - Stopped by Niklas Treutle with a rebound.
3:00 of 2nd period - Backhand shot by Jordan LaVallee.
3:00 of 2nd period - Stopped by Niklas Treutle with a rebound.
3:02 of 2nd period - Wrist shot by Jordan LaVallee.
3:02 of 2nd period - Shot Misses the Net.
3:14 of 2nd period - Snap shot by Brandon Kozun.
3:14 of 2nd period - Shot Misses the Net.
3:16 of 2nd period - Slapshot by Kevin Connauton.
3:16 of 2nd period - Deflect By Jordan LaVallee.
3:16 of 2nd period - Shot Misses the Net.
3:16 of 2nd period - Puck is out of play.
3:17 of 2nd period - William Karlsson wins face-off versus Sam Carrick in Thunder zone.
3:24 of 2nd period - Wrist shot by Dany Roussin.
3:24 of 2nd period - Stopped by Chet Pickard with a rebound.
5:30 of 2nd period - Mikko Vainonen is hit by Chris Wagner.
8:02 of 2nd period - Robin Norell is hit by Jesper Pettersson and loses puck.
8:13 of 2nd period - Zach Stepan is hit by Chris Wagner and loses puck.
8:57 of 2nd period - Snap shot by Brandon Kozun.
8:57 of 2nd period - Stopped by Niklas Treutle with a rebound.
9:41 of 2nd period - Alex Plante is hit by Austin Poganski and loses puck.
10:06 of 2nd period - Snap shot by Phil Di Giuseppe.
10:06 of 2nd period - Stopped by Niklas Treutle with a rebound.
10:18 of 2nd period - Slapshot by Corban Knight.
10:18 of 2nd period - Stopped by Niklas Treutle with a rebound.
11:08 of 2nd period - Sam Carrick is hit by Jakob Lilja and loses puck.
11:19 of 2nd period - Gianluca Curcuruto is hit by Brandon Kozun and loses puck.
12:15 of 2nd period - Off-side.
12:16 of 2nd period - William Karlsson wins face-off versus Corban Knight in neutral zone.
13:36 of 2nd period - Snap shot by Juho Lammikko.
13:36 of 2nd period - Stopped by Niklas Treutle with a rebound.
14:06 of 2nd period - Jordan LaVallee is hit by William Karlsson and loses puck.
14:17 of 2nd period - Jordan LaVallee is hit by William Karlsson and loses puck.
15:02 of 2nd period - Snap shot by Jamie McGinn.
15:02 of 2nd period - Stopped by Chet Pickard with a rebound.
15:54 of 2nd period - Wrist shot by Phil Di Giuseppe.
15:54 of 2nd period - Shot Misses the Net.
15:56 of 2nd period - Slapshot by Zach Trotman.
15:56 of 2nd period - Shot Blocked by Nikolay Prokhorkin.
16:02 of 2nd period - Slapshot by Phil Di Giuseppe.
16:02 of 2nd period - Shot Blocked by Gianluca Curcuruto.
16:04 of 2nd period - Slapshot by Chris Wagner.
16:04 of 2nd period - Stopped by Niklas Treutle with a rebound.
16:06 of 2nd period - Snap shot by Chris Wagner.
16:06 of 2nd period - Stopped by Niklas Treutle without a rebound.
16:07 of 2nd period - Corban Knight wins face-off versus Trevor Lewis in Thunder zone.
16:12 of 2nd period - Snap shot by Corban Knight.
16:12 of 2nd period - Stopped by Niklas Treutle without a rebound.
16:13 of 2nd period - Trevor Lewis wins face-off versus Corban Knight in Thunder zone.
16:22 of 2nd period - Wrist shot by Artturi Lehkonen.
16:22 of 2nd period - Shot Misses the Net.
16:24 of 2nd period - Slapshot by Jesper Pettersson.
16:24 of 2nd period - Stopped by Chet Pickard without a rebound.
16:25 of 2nd period - William Karlsson wins face-off versus Corban Knight in Ice Dragons zone.
17:03 of 2nd period - Snap shot by Jamie McGinn.
17:03 of 2nd period - Stopped by Chet Pickard with a rebound.
17:22 of 2nd period - Snap shot by Artturi Lehkonen.
17:22 of 2nd period - Stopped by Chet Pickard without a rebound.
17:23 of 2nd period - William Karlsson wins face-off versus Corban Knight in Ice Dragons zone.
17:35 of 2nd period - Slapshot by Corban Knight.
17:35 of 2nd period - Shot Misses the Net.
17:37 of 2nd period - Snap shot by Zach Trotman.
17:37 of 2nd period - Stopped by Niklas Treutle with a rebound.
17:39 of 2nd period - Slapshot by Corban Knight.
17:39 of 2nd period - Shot Misses the Net.
18:00 of 2nd period - Snap shot by Brayden Point.
18:00 of 2nd period - Shot Blocked by Zach Trotman.
18:36 of 2nd period - Slapshot by William Karlsson.
18:36 of 2nd period - Shot Misses the Net.
18:38 of 2nd period - Snap shot by Austin Poganski.
18:38 of 2nd period - Stopped by Chet Pickard with a rebound.
18:40 of 2nd period - Wrist shot by Austin Poganski.
18:40 of 2nd period - Shot Misses the Net.
18:56 of 2nd period - Snap shot by Jordan LaVallee.
18:56 of 2nd period - Shot Misses the Net.
18:58 of 2nd period - Snap shot by Brandon Kozun.
18:58 of 2nd period - Stopped by Niklas Treutle without a rebound.
18:59 of 2nd period - Corban Knight wins face-off versus Trevor Lewis in Thunder zone.
19:22 of 2nd period - Corban Knight is hit by Ryan Graves and loses puck.
19:40 of 2nd period - Icing by Kevin Connauton.
19:41 of 2nd period - Brayden Point wins face-off versus Sam Carrick in Ice Dragons zone.
Goals for this period are 0 for Ice Dragons vs 0 for Thunder.
Shots for this period are 14 for Ice Dragons vs 6 for Thunder.

3rd period


0:01 of 3rd period - Corban Knight wins face-off versus William Karlsson in neutral zone.
0:08 of 3rd period - Snap shot by Jordan LaVallee.
0:08 of 3rd period - Deflect By Corban Knight.
0:08 of 3rd period - Shot Misses the Net.
0:08 of 3rd period - Puck is out of play.
0:09 of 3rd period - Corban Knight wins face-off versus William Karlsson in Thunder zone.
0:10 of 3rd period - Wrist shot by Jordan LaVallee.
0:10 of 3rd period - Shot Blocked by Gianluca Curcuruto.
0:12 of 3rd period - Wrist shot by Jordan LaVallee.
0:12 of 3rd period - Stopped by Niklas Treutle with a rebound.
0:50 of 3rd period - Wrist shot by Jordan LaVallee.
0:50 of 3rd period - Shot Blocked by Austin Poganski.
0:52 of 3rd period - Slapshot by Samuel Groulx.
0:52 of 3rd period - Stopped by Niklas Treutle with a rebound.
0:54 of 3rd period - Slapshot by Kevin Connauton.
0:54 of 3rd period - Stopped by Niklas Treutle without a rebound.
0:55 of 3rd period - Sam Carrick wins face-off versus Brayden Point in Thunder zone.
1:02 of 3rd period - Wrist shot by Sam Carrick.
1:02 of 3rd period - Shot Misses the Net.
1:10 of 3rd period - Wrist shot by Angelo Esposito.
1:10 of 3rd period - Stopped by Chet Pickard without a rebound.
1:11 of 3rd period - Emil Pettersson wins face-off versus Trevor Lewis in Ice Dragons zone.
2:08 of 3rd period - Wrist shot by Dany Roussin.
2:08 of 3rd period - Shot Blocked by Brandon Kozun.
2:32 of 3rd period - Icing by Mikko Vainonen.
2:33 of 3rd period - Corban Knight wins face-off versus Trevor Lewis in Thunder zone.
2:39 of 3rd period - Icing by Mikko Vainonen.
2:40 of 3rd period - Trevor Lewis wins face-off versus Corban Knight in Thunder zone.
2:40 of 3rd period - Trevor Lewis is hit by Corban Knight.
2:46 of 3rd period - Jordan LaVallee is hit by Gianluca Curcuruto and loses puck.
2:59 of 3rd period - Snap shot by Trevor Lewis.
2:59 of 3rd period - Stopped by Chet Pickard without a rebound.
3:00 of 3rd period - William Karlsson wins face-off versus Sam Carrick in Ice Dragons zone.
3:03 of 3rd period - Snap shot by Dany Roussin.
3:03 of 3rd period - Stopped by Chet Pickard with a rebound.
3:05 of 3rd period - Snap shot by William Karlsson.
3:05 of 3rd period - Stopped by Chet Pickard with a rebound.
3:07 of 3rd period - Slapshot by Jesper Pettersson.
3:07 of 3rd period - Stopped by Chet Pickard with a rebound.
3:13 of 3rd period - Wrist shot by William Karlsson.
3:13 of 3rd period - Goal by William Karlsson - Ice Dragons : 2 - Thunder : 2.
3:14 of 3rd period - Corban Knight wins face-off versus William Karlsson in neutral zone.
3:21 of 3rd period - Snap shot by Jordan LaVallee.
3:21 of 3rd period - Deflect By Brandon Kozun.
3:21 of 3rd period - Shot Misses the Net.
3:21 of 3rd period - Puck is out of play.
3:22 of 3rd period - Corban Knight wins face-off versus William Karlsson in Thunder zone.
3:27 of 3rd period - Snap shot by Jordan LaVallee.
3:27 of 3rd period - Stopped by Niklas Treutle with a rebound.
3:29 of 3rd period - Slapshot by Samuel Groulx.
3:29 of 3rd period - Stopped by Niklas Treutle without a rebound.
3:30 of 3rd period - Corban Knight wins face-off versus Austin Poganski in Thunder zone.
3:33 of 3rd period - Snap shot by Jordan LaVallee.
3:33 of 3rd period - Deflect By Brandon Kozun.
3:33 of 3rd period - Stopped by Niklas Treutle with a rebound.
3:41 of 3rd period - Snap shot by Dany Roussin.
3:41 of 3rd period - Shot Misses the Net.
3:43 of 3rd period - Wrist shot by William Karlsson.
3:43 of 3rd period - Stopped by Chet Pickard with a rebound.
3:55 of 3rd period - Gianluca Curcuruto is hit by Sam Carrick and loses puck.
4:10 of 3rd period - Minor Penalty to Justin Shugg for Interference.
4:11 of 3rd period - William Karlsson wins face-off versus Corban Knight in Ice Dragons zone.
4:12 of 3rd period - Wrist shot by Dany Roussin.
4:12 of 3rd period - Goal by Dany Roussin - Ice Dragons : 2 - Thunder : 3.
4:13 of 3rd period - Corban Knight wins face-off versus William Karlsson in neutral zone.
4:16 of 3rd period - Snap shot by Jordan LaVallee.
4:16 of 3rd period - Stopped by Niklas Treutle without a rebound.
4:17 of 3rd period - William Karlsson wins face-off versus Corban Knight in Thunder zone.
4:17 of 3rd period - William Karlsson is hit by Jordan LaVallee.
4:43 of 3rd period - Slapshot by Gianluca Curcuruto.
4:43 of 3rd period - Shot Misses the Net.
4:51 of 3rd period - Slapshot by Kevin Connauton.
4:51 of 3rd period - Shot Misses the Net.
4:53 of 3rd period - Backhand shot by Kevin Connauton.
4:53 of 3rd period - Stopped by Niklas Treutle with a rebound.
5:03 of 3rd period - Zach Stepan is hit by Phil Di Giuseppe and loses puck.
5:28 of 3rd period - Minor Penalty to Robin Norell for High sticking.
5:29 of 3rd period - Corban Knight wins face-off versus William Karlsson in Ice Dragons zone.
5:29 of 3rd period - Corban Knight is hit by Austin Poganski.
6:00 of 3rd period - Jerome Gauthier-Leduc is hit by Angelo Esposito and loses puck.
6:05 of 3rd period - Wrist shot by Brayden Point.
6:05 of 3rd period - Stopped by Chet Pickard with a rebound.
6:07 of 3rd period - Slapshot by Gianluca Curcuruto.
6:07 of 3rd period - Stopped by Chet Pickard without a rebound.
6:08 of 3rd period - Corban Knight wins face-off versus Brayden Point in Ice Dragons zone.
6:23 of 3rd period - Slapshot by Brayden Point.
6:23 of 3rd period - Deflect By Angelo Esposito.
6:23 of 3rd period - Shot Blocked by Billy Sweat.
6:23 of 3rd period - Puck is out of play.
6:24 of 3rd period - Billy Sweat wins face-off versus William Karlsson in Ice Dragons zone.
7:28 of 3rd period - Penalty to Robin Norell is over, Robin Norell is back on ice.
7:50 of 3rd period - Corban Knight is hit by Mikko Vainonen and loses puck.
8:07 of 3rd period - Ryan Graves is hit by Zach Trotman.
8:18 of 3rd period - Icing by Juho Lammikko.
8:19 of 3rd period - Artturi Lehkonen wins face-off versus Theodor Blueger in Ice Dragons zone.
8:24 of 3rd period - Snap shot by Artturi Lehkonen.
8:24 of 3rd period - Shot Misses the Net.
8:26 of 3rd period - Snap shot by Zach Stepan.
8:26 of 3rd period - Stopped by Chet Pickard with a rebound.
8:28 of 3rd period - Wrist shot by Trevor Lewis.
8:28 of 3rd period - Shot Blocked by Logan MacMillan.
8:32 of 3rd period - Wrist shot by Artturi Lehkonen.
8:32 of 3rd period - Deflect By Trevor Lewis.
8:32 of 3rd period - Stopped by Chet Pickard without a rebound.
8:33 of 3rd period - Sam Carrick wins face-off versus William Karlsson in Ice Dragons zone.
8:35 of 3rd period - Minor Penalty to Billy Sweat for Holding Stick.
8:36 of 3rd period - William Karlsson wins face-off versus Corban Knight in Ice Dragons zone.
8:42 of 3rd period - Snap shot by Dany Roussin.
8:42 of 3rd period - Shot Blocked by Robin Norell.
8:46 of 3rd period - Snap shot by William Karlsson.
8:46 of 3rd period - Goal by William Karlsson - Ice Dragons : 2 - Thunder : 4.
8:47 of 3rd period - Austin Poganski wins face-off versus Corban Knight in neutral zone.
9:13 of 3rd period - Brayden Point is hit by Justin Shugg and loses puck.
9:58 of 3rd period - Wrist shot by Nikolay Prokhorkin.
9:58 of 3rd period - Shot Misses the Net.
10:00 of 3rd period - Slapshot by Jesper Pettersson.
10:00 of 3rd period - Stopped by Chet Pickard with a rebound.
10:52 of 3rd period - Ryan Graves is hit by Billy Sweat and loses puck.
12:09 of 3rd period - Trevor Lewis is hit by Billy Sweat and loses puck.
12:44 of 3rd period - Jordan LaVallee is hit by Jamie McGinn.
14:21 of 3rd period - Zach Stepan is hit by Zach Trotman and loses puck.
14:32 of 3rd period - Snap shot by Emil Pettersson.
14:32 of 3rd period - Stopped by Niklas Treutle with a rebound.
15:22 of 3rd period - Brayden Point is hit by Sam Carrick and loses puck.
15:29 of 3rd period - Justin Shugg is hit by Angelo Esposito and loses puck.
15:34 of 3rd period - Wrist shot by Brayden Point.
15:34 of 3rd period - Shot Misses the Net.
15:36 of 3rd period - Snap shot by Ryan Graves.
15:36 of 3rd period - Stopped by Chet Pickard with a rebound.
15:38 of 3rd period - Snap shot by Brayden Point.
15:38 of 3rd period - Shot Blocked by Robin Norell.
15:40 of 3rd period - Snap shot by Jamie McGinn.
15:40 of 3rd period - Stopped by Chet Pickard with a rebound.
15:42 of 3rd period - Snap shot by Angelo Esposito.
15:42 of 3rd period - Stopped by Chet Pickard with a rebound.
15:44 of 3rd period - Snap shot by Angelo Esposito.
15:44 of 3rd period - Shot Blocked by Sam Carrick.
15:46 of 3rd period - Wrist shot by Angelo Esposito.
15:46 of 3rd period - Stopped by Chet Pickard without a rebound.
15:47 of 3rd period - Corban Knight wins face-off versus William Karlsson in Ice Dragons zone.
15:52 of 3rd period - Corban Knight is hit by William Karlsson and loses puck.
15:59 of 3rd period - Slapshot by Zach Trotman.
15:59 of 3rd period - Stopped by Niklas Treutle with a rebound.
16:53 of 3rd period - Icing by Jamie McGinn.
16:54 of 3rd period - Theodor Blueger wins face-off versus Brayden Point in Thunder zone.
17:35 of 3rd period - Slapshot by Jordan LaVallee.
17:35 of 3rd period - Stopped by Niklas Treutle with a rebound.
18:03 of 3rd period - Emil Johansson is hit by Sam Carrick and loses puck.
18:14 of 3rd period - Kevin Connauton is hit by Emil Johansson and loses puck.
18:29 of 3rd period - Emil Johansson is hit by Samuel Groulx and loses puck.
18:59 of 3rd period - Off-side.
19:00 of 3rd period - William Karlsson wins face-off versus Corban Knight in neutral zone.
Goals for this period are 0 for Ice Dragons vs 3 for Thunder.
Shots for this period are 11 for Ice Dragons vs 18 for Thunder.